Map: Ulrena

Players

Haighstrom - Winner!

  • Race: Zerg Zerg

Naltron

  • Race: Zerg Zerg
  • League: Silver

VOD

Have the link to the VOD?

Description

Time

  • Played on: Nov. 10, 2015, 5:58 p.m.
  • Length: 3:59
Show
View Real Time Build Order
Export as new Build Order

Haighstrom Zerg - Winner!

Build Orders: Hatch First 

Get SALT Encoding   

  12  0:10  Drone  
  13  0:14  Overlord  
  13  0:22  Drone  
  14  0:32  Drone  
  14  0:33  Drone  
  16  0:43  Drone  
  17  0:54  Hatchery  
  16  0:58  Drone  
  16  1:01  Extractor  
  16  1:04  Drone  
  17  1:17  Spawning Pool  
  16  1:21  Drone  
  17  1:26  Drone  
  18  1:38  Drone  
  19  1:47  Drone  
  20  2:01  Drone  
  20  2:05  Overlord  
  21  2:12  Queen  
  21  2:13  Queen  
  21  2:14  Drone  
  25  2:17  Drone  
  25  2:22  Drone  
  27  2:25  Metabolic Boost  
  27  2:29  Drone  
  28  2:40  Drone  
  28  2:41  Drone  
  28  2:42  Baneling Nest  
  28  2:44  Drone  
  30  2:49  Evolution Chamber  
  29  2:57  Drone x2  
  31  2:59  Overlord  
  31  3:16  Zergling x6  
  34  3:31  Zergling x14  
  41  3:41  Overlord  
Show
View Real Time Build Order
Export as new Build Order

Naltron Zerg 

Build Orders: Pool First 

Get SALT Encoding   

  12  0:01  Drone  
  13  0:14  Overlord  
  13  0:17  Drone  
  14  0:34  Spawning Pool  
  13  0:37  Drone  
  14  0:47  Drone x2  
  16  0:55  Drone, Extractor  
  16  1:19  Hatchery  
  16  1:21  Zergling x2  
  16  1:38  Queen  
  18  1:44  Drone x2  
  20  1:50  Overlord  
  20  1:58  Metabolic Boost  
  20  2:06  Drone  
  20  2:18  Drone x2  
  22  2:23  Queen  
  24  2:35  Queen  
  26  2:43  Drone x2  
  28  3:00  Drone x2  
  28  3:01  Roach Warren  
  28  3:02  Drone  
  28  3:03  Drone  
  31  3:09  Overlord  
  31  3:13  Drone  
  32  3:28  Drone x2  
  32  3:29  Evolution Chamber, Drone  
  34  3:34  Extractor  
  34  3:35  Drone x2  
  34  3:36  Extractor  
  34  3:38  Overlord  
  34  3:44  Drone  
Tags
 
League
Silver
Matchup
ZvZ
Race
Zerg
Add a new tag
Caveats
  • Supply blocks, unpowered buildings, or Contaminate may cause inaccurate times.
  • Supply counts are checked every 10 seconds.